Nordiques vs Jets (R1)

Created - March 11, 2018 at 19:22

Goals
1 2 3 OT1 SO T
Nordiques 3 0 3 0 0 6
Jets 0 2 4 0 1 7
Shots
1 2 3 OT1 SO T
Nordiques 11 7 20 3 3 41
Jets 12 6 11 4 3 33

1st period

1. Nordiques , Vladimir Tarasenko 25 (Tim Connolly 55) at 9:13
2. Nordiques , Daniel Briere 31 (Marek Svatos 35) at 9:17
3. Nordiques , Marek Svatos 24 (R.J. Umberger 28, Daniel Briere 51) at 10:35

Penalties :
Shea Weber (Win) for Hooking (Minor) at 2:47, R.J. Umberger (Que) for Slashing (Minor) at 17:27, Devin Setoguchi (Win) for Hooking (Minor) at 17:57

2nd period

4. Jets , Benoit Pouliot 41 (Derek Roy 51, Dustin Brown 31) at 4:59 (PP)
5. Jets , Derek Stepan 24 (Devin Setoguchi 28) at 8:47 (PP)

Penalties :
R.J. Umberger (Que) for Interference (Minor) at 0:15, Derek Roy (Win) for Interference (Minor) at 1:15, Ryan Ellis (Que) for Interference (Minor) at 4:25, Fedor Tyutin (Que) for Hooking (Minor) at 4:49, Paul Gaustad (Que) for Hooking (Minor) at 8:43, Alexander Frolov (Win) for High sticking (Minor) at 10:28, Fedor Tyutin (Que) for Roughing (Minor) at 15:15, Dustin Byfuglien (Que) for Holding (Minor) at 17:43

3rd period

6. Nordiques , Daniel Briere 32 (Marek Svatos 36, R.J. Umberger 29) at 1:29
7. Jets , Benoit Pouliot 42 (Dustin Brown 32, Derek Roy 52) at 4:56
8. Jets , Derek Roy 29 (Marco Scandella 36, Benoit Pouliot 43) at 6:54 (PP)
9. Jets , Joe Colborne 11 (Benoit Pouliot 44, Shea Weber 21) at 11:20
10. Nordiques , Marek Svatos 25 (Fedor Tyutin 15, Daniel Briere 52) at 11:24
11. Jets , Joe Colborne 12 (Lee Stempniak 17) at 13:50
12. Nordiques , Tim Connolly 18 (Ryan Ellis 38, Kyle Calder 12) at 16:31 (PP)

Penalties :
Tim Connolly (Que) for Hooking (Minor) at 6:40, Derek Stepan (Win) for Interference (Minor) at 8:47, R.J. Umberger (Que) for Hooking (Minor) at 11:33, Tyler Myers (Win) for Holding (Minor) at 15:49, Rich Peverley (Que) for Interference (Minor) at 17:54

Overtime #1

No Goal

Penalties :
No Penalty

Shootout

Penalty Shot by Marek Svatos for Nordiques - Shot Misses the Net
Penalty Shot by Derek Roy for Jets - Stopped by Jonathan Quick
Penalty Shot by Daniel Briere for Nordiques - Shot Misses the Net
Penalty Shot by Benoit Pouliot for Jets - Shot Misses the Net
Penalty Shot by Tim Connolly for Nordiques - Stopped by Kari Lehtonen
Penalty Shot by Dustin Brown for Jets - Goal!

Penalties :
No Penalty

Goalie Stats

Jonathan Quick (Que), 27 saves from 33 shots - (0.818), OTL, 26-17-7, 65:00 minutes
Kari Lehtonen (Win), 35 saves from 41 shots - (0.854), W, 23-11-2, 65:00 minutes

Players Stats for Nordiques

Player Name              G  A  P  +/- PIM S  H  SB GA TA FO     MP     PP MP  PK MP  
------------------------------------------------------------------------------------
Bruno Gervais            0  0  0  -1  0   0  1  1  0  0  0/0     8:30   0:00   0:15 
Daniel Briere            2  2  4   3  0   5  2  1  0  1  14/24  28:02   4:06   7:00 
Dustin Byfuglien         0  0  0   2  2   2  3  0  0  0  0/0    22:53   3:21   3:31 
Fedor Tyutin             0  1  1   1  4   1  4  3  0  1  0/0    30:52   4:48   5:16 
Jean-Pierre Dumont       0  0  0  -1  0   3  1  1  0  0  0/0     9:00   0:09   0:00 
Kyle Calder              0  1  1   1  0   3  1  1  1  1  0/0    14:17   3:54   1:26 
Marek Svatos             2  2  4   3  0   9  1  0  1  1  5/18   28:07   3:51   7:02 
Mark Eaton               0  0  0   2  0   0  0  1  0  2  0/0    23:35   3:21   4:12 
Matt Gilroy              0  0  0  -1  0   0  0  0  0  0  0/0    11:52   0:00   3:38 
Matt Moulson             0  0  0  -1  0   2  0  0  0  0  0/0     9:21   0:24   0:00 
Michael Ryder            0  0  0  -1  0   1  1  0  1  0  0/0     5:56   0:09   0:00 
Nikolai Kulemin          0  0  0  -1  0   1  0  0  0  0  0/0     5:36   0:00   0:00 
Paul Gaustad             0  0  0  -1  2   1  1  0  2  0  4/8    10:04   0:00   1:56 
R.J. Umberger            0  2  2   3  6   2  2  0  0  1  2/3    17:59   4:06   0:00 
Rich Peverley            0  0  0  -1  2   3  2  0  1  0  0/2     5:35   0:00   0:00 
Ryan Ellis               0  1  1   1  2   3  2  1  1  2  0/0    32:53   4:48   7:21 
Tim Connolly             1  1  2   1  2   2  3  0  2  1  8/14   20:16   3:54   3:20 
Vladimir Tarasenko       1  0  1   1  0   3  5  0  0  0  0/0    20:17   3:54   3:20 

Players Stats for Jets

Player Name              G  A  P  +/- PIM S  H  SB GA TA FO     MP     PP MP  PK MP  
------------------------------------------------------------------------------------
Alexander Frolov         0  0  0  -1  2   1  5  0  2  0  0/0    20:24   5:22   3:32 
Anton Volchenkov         0  0  0   1  0   1  1  1  1  1  0/0    13:56   0:49   3:36 
Benoit Pouliot           2  2  4   0  0   6  2  0  2  0  2/4    24:55   6:38   1:42 
Derek Roy                1  2  3   0  2   2  0  0  2  0  14/27  21:26   6:43   1:06 
Derek Stepan             1  0  1  -1  2   3  1  1  0  0  9/21   19:19   5:22   0:00 
Devin Setoguchi          0  1  1  -1  2   1  3  0  0  1  0/0    15:52   5:21   0:00 
Dustin Brown             0  2  2   0  0   3  1  2  0  0  1/2    24:03   6:38   2:43 
Eric Gelinas             0  0  0  -2  0   0  1  0  0  1  0/0    17:46   4:04   1:16 
Erik Haula               0  0  0  -1  0   2  3  0  0  0  3/5    12:51   0:07   5:01 
James Wright             0  0  0  -1  0   0  0  0  0  0  1/1     4:27   0:01   0:12 
Joe Colborne             2  0  2   0  0   5  2  0  0  1  6/8    11:02   0:00   1:19 
Josh Bailey              0  0  0  -1  0   0  0  0  0  0  0/0     4:01   0:00   0:00 
Justin Falk              0  0  0   0  0   0  1  0  0  0  0/0     8:57   0:00   0:17 
Lee Stempniak            0  1  1   0  0   2  0  1  0  0  0/1    10:00   0:07   0:00 
Marco Scandella          0  1  1  -1  0   2  5  1  1  1  0/0    33:35   7:14   4:36 
Marcus Johansson         0  0  0   0  0   1  1  0  0  0  0/0    10:26   0:00   0:43 
Shea Weber               0  1  1   0  2   2  2  0  2  2  0/0    29:43   4:04   2:22 
Tyler Myers              0  0  0  -2  2   2  1  3  0  2  0/0    26:34   8:03   4:11 

3 Stars

1 - Daniel Briere (Que)
2 - Marek Svatos (Que)
3 - Benoit Pouliot (Win)

Power Play

Nordiques - 1 on 6 Attempt(s) - 16.67%
Jets - 3 on 10 Attempt(s) - 30.00%

Penalty Kill

Nordiques - 7 on 10 Attempt(s) - 70.00% - Score 0 goal in Penalty Kill
Jets - 5 on 6 Attempt(s) - 83.33% - Score 0 goal in Penalty Kill

Team Stat

Nordiques - Hits : 29 - Faceoff Wins : 33 - Blocked Shots : 9 - Penalty Minutes : 20
Jets - Hits : 29 - Faceoff Wins : 36 - Blocked Shots : 9 - Penalty Minutes : 12

Official

Referees : Auger Stephane and VanMassenhoven Don
Linesman : Pierre Racicot and Mike Cvik

Game Notes

No Game Note

Finance

Level 1 -- Attendance: 5477 (91.28%) -- Ticket Income $427,206
Level 2 -- Attendance: 4969 (99.38%) -- Ticket Income $258,388
Level 3 -- Attendance: 2000 (100.00%) -- Ticket Income $58,000
Level 4 -- Attendance: 4000 (100.00%) -- Ticket Income $104,000
Luxury Box -- Attendance: 1000 (100.00%) -- Ticket Income $160,000
Game was played at the MTS Center.
Total Attendance: 17446 (96.92%)
Total Ticket Income: $1,007,594
Other Income: $151,139
Total Income: $1,158,733

Nordiques

5 vs 5 Forward 
   Center                   Left Wing                Right Wing               Time % Phy DF OF 
 1 Daniel Briere            R.J. Umberger            Marek Svatos             40     1   2  2  
 2 Tim Connolly             Kyle Calder              Vladimir Tarasenko       30     1   2  2  
 3 Paul Gaustad             Matt Moulson             Jean-Pierre Dumont       20     1   2  2  
 4 Rich Peverley            Nikolai Kulemin          Michael Ryder            10     1   2  2  

5 vs 5 Defense 
   Defense                  Defense                                           Time % Phy DF OF 
 1 Fedor Tyutin             Ryan Ellis                                        40     1   2  2  
 2 Dustin Byfuglien         Mark Eaton                                        30     1   2  2  
 3 Bruno Gervais            Matt Gilroy                                       20     1   2  2  
 4 Fedor Tyutin             Ryan Ellis                                        10     1   2  2  

PowerPlay Forward 
   Center                   Left Wing                Right Wing               Time % Phy DF OF 
 1 Daniel Briere            R.J. Umberger            Marek Svatos             60     1   2  2  
 2 Tim Connolly             Kyle Calder              Vladimir Tarasenko       40     1   2  2  

PowerPlay Defense
   Defense                  Defense                                           Time % Phy DF OF 
 1 Fedor Tyutin             Ryan Ellis                                        60     1   2  2  
 2 Dustin Byfuglien         Mark Eaton                                        40     1   2  2  

Penalty Kill 4 Players Forward 
   Center                   Wing                     Time % Phy DF OF 
 1 Marek Svatos             Daniel Briere            60     1   2  2  
 2 Tim Connolly             Vladimir Tarasenko       40     1   2  2  

Penalty Kill 4 Players Defense
   Defense                  Defense                  Time % Phy DF OF 
 1 Fedor Tyutin             Ryan Ellis               60     1   2  2  
 2 Dustin Byfuglien         Mark Eaton               40     1   2  2  

Penalty Kill - 3 Players Forward 
   Forward                                           Time % Phy DF OF 
 1 Marek Svatos                                      60     1   2  2  
 2 Daniel Briere                                     40     1   2  2  

Penalty Kill - 3 Players Defense
   Defense                  Defense                  Time % Phy DF OF 
 1 Fedor Tyutin             Ryan Ellis               60     1   2  2  
 2 Dustin Byfuglien         Mark Eaton               40     1   2  2  

4 vs 4 Forward 
   Center                   Wing                     Time % Phy DF OF 
 1 Marek Svatos             Daniel Briere            60     1   2  2  
 2 Tim Connolly             Vladimir Tarasenko       40     1   2  2  

4 vs 4 Defense
   Defense                  Defense                  Time % Phy DF OF 
 1 Fedor Tyutin             Ryan Ellis               60     1   2  2  
 2 Dustin Byfuglien         Mark Eaton               40     1   2  2  

Last Minutes Offensive
   Center                   Left Wing                Right Wing               Defense                  Defense                  
   Daniel Briere            R.J. Umberger            Marek Svatos             Fedor Tyutin             Ryan Ellis               

Last Minutes Defensive
   Center                   Left Wing                Right Wing               Defense                  Defense                  
   Daniel Briere            R.J. Umberger            Marek Svatos             Fedor Tyutin             Ryan Ellis               

Goaltenders
Starting : Jonathan Quick           
Backup : Julien Ellis             

Extra Forwards
Normal : Matt Moulson, Jean-Pierre Dumont, Paul Gaustad - PP : Matt Moulson, Jean-Pierre Dumont - PK : Paul Gaustad
Extra Defensemen
Normal : Bruno Gervais, Matt Gilroy, Dustin Byfuglien - PP : Bruno Gervais - PK : Matt Gilroy, Dustin Byfuglien
Penalty Shots
Marek Svatos, Daniel Briere, Tim Connolly, Vladimir Tarasenko, R.J. Umberger

Scratches
T.J. Fast (Healthy)

Jets

5 vs 5 Forward 
   Center                   Left Wing                Right Wing               Time % Phy DF OF 
 1 Derek Roy                Benoit Pouliot           Dustin Brown             35     1   2  2  
 2 Derek Stepan             Alexander Frolov         Devin Setoguchi          30     1   2  2  
 3 Joe Colborne             Marcus Johansson         Lee Stempniak            23     0   3  2  
 4 James Wright             Erik Haula               Josh Bailey              12     1   2  2  

5 vs 5 Defense 
   Defense                  Defense                                           Time % Phy DF OF 
 1 Shea Weber               Marco Scandella                                   40     1   3  1  
 2 Tyler Myers              Eric Gelinas                                      30     1   2  2  
 3 Anton Volchenkov         Justin Falk                                       25     1   2  2  
 4 Shea Weber               Tyler Myers                                       5      1   2  2  

PowerPlay Forward 
   Center                   Left Wing                Right Wing               Time % Phy DF OF 
 1 Derek Roy                Benoit Pouliot           Dustin Brown             60     1   0  4  
 2 Derek Stepan             Alexander Frolov         Devin Setoguchi          40     1   0  4  

PowerPlay Defense
   Defense                  Defense                                           Time % Phy DF OF 
 1 Marco Scandella          Tyler Myers                                       60     1   1  3  
 2 Eric Gelinas             Shea Weber                                        40     0   1  4  

Penalty Kill 4 Players Forward 
   Center                   Wing                     Time % Phy DF OF 
 1 Erik Haula               Alexander Frolov         60     1   2  2  
 2 Joe Colborne             Dustin Brown             40     1   2  2  

Penalty Kill 4 Players Defense
   Defense                  Defense                  Time % Phy DF OF 
 1 Tyler Myers              Marco Scandella          60     1   2  2  
 2 Shea Weber               Anton Volchenkov         40     1   2  2  

Penalty Kill - 3 Players Forward 
   Forward                                           Time % Phy DF OF 
 1 Erik Haula                                        60     1   2  2  
 2 Alexander Frolov                                  40     1   2  2  

Penalty Kill - 3 Players Defense
   Defense                  Defense                  Time % Phy DF OF 
 1 Shea Weber               Tyler Myers              60     1   2  2  
 2 Marco Scandella          Anton Volchenkov         40     1   2  2  

4 vs 4 Forward 
   Center                   Wing                     Time % Phy DF OF 
 1 Derek Stepan             Dustin Brown             60     1   2  2  
 2 Derek Roy                Benoit Pouliot           40     1   2  2  

4 vs 4 Defense
   Defense                  Defense                  Time % Phy DF OF 
 1 Marco Scandella          Tyler Myers              60     1   2  2  
 2 Shea Weber               Eric Gelinas             40     1   2  2  

Last Minutes Offensive
   Center                   Left Wing                Right Wing               Defense                  Defense                  
   Derek Roy                Benoit Pouliot           Dustin Brown             Marco Scandella          Shea Weber               

Last Minutes Defensive
   Center                   Left Wing                Right Wing               Defense                  Defense                  
   Derek Roy                Erik Haula               Alexander Frolov         Shea Weber               Tyler Myers              

Goaltenders
Starting : Kari Lehtonen            
Backup : Jacob Markstrom          

Extra Forwards
Normal : Derek Roy, Benoit Pouliot, Dustin Brown - PP : Derek Roy, Benoit Pouliot - PK : Dustin Brown
Extra Defensemen
Normal : Shea Weber, Tyler Myers, Marco Scandella - PP : Shea Weber - PK : Anton Volchenkov, Tyler Myers
Penalty Shots
Derek Roy, Benoit Pouliot, Dustin Brown, Derek Stepan, Erik Haula

Scratches
Fredrik Sjostrom (Healthy), Kevin Klein (Healthy), Michael Rupp (Healthy)

% Time on Ice - Nordiques

Lines # - Real PCT - Wanted PCT - Time Play
Normal Forward
1 - 39% - 40% - 14:32
2 - 25% - 30% - 9:11
3 - 21% - 20% - 7:57
4 - 15% - 10% - 5:36
Normal Defense
1 - 42% - 40% - 15:33
2 - 35% - 30% - 13:07
3 - 20% - 20% - 7:27
4 - 3% - 10% - 1:09
PP Forward
1 - 52% - 60% - 4:15
2 - 48% - 40% - 3:54
PP Defense
1 - 59% - 60% - 4:48
2 - 41% - 40% - 3:21
PK Forward
1 - 72% - 60% - 8:37
2 - 28% - 40% - 3:20
PK Defense
1 - 65% - 60% - 7:45
2 - 35% - 40% - 4:12
PK3 Forward
1 - 100% - 60% - 0:10
2 - 0% - 40% - 0:00
PK3 Defense
1 - 100% - 60% - 0:10
2 - 0% - 40% - 0:00
44 Forward
1 - 48% - 60% - 3:36
2 - 52% - 40% - 3:52
44 Defense
1 - 61% - 60% - 4:33
2 - 39% - 40% - 2:55
Last Minute Offensive  - 0:00
Last Minute Defensive  - 0:00
Total
Forward - 65:00
Defense - 65:00

% Time on Ice - Jets

Lines # - Real PCT - Wanted PCT - Time Play
Normal Forward
1 - 35% - 35% - 13:04
2 - 28% - 30% - 10:28
3 - 26% - 23% - 9:43
4 - 11% - 12% - 4:01
Normal Defense
1 - 46% - 40% - 17:04
2 - 30% - 30% - 11:12
3 - 22% - 25% - 8:19
4 - 2% - 5% - 0:41
PP Forward
1 - 56% - 60% - 6:45
2 - 44% - 40% - 5:22
PP Defense
1 - 66% - 60% - 8:03
2 - 34% - 40% - 4:04
PK Forward
1 - 81% - 60% - 6:38
2 - 19% - 40% - 1:31
PK Defense
1 - 56% - 60% - 4:36
2 - 44% - 40% - 3:33
PK3 Forward
1 - 0% - 60%
2 - 0% - 40%
PK3 Defense
1 - 0% - 60%
2 - 0% - 40%
44 Forward
1 - 86% - 60% - 6:26
2 - 14% - 40% - 1:02
44 Defense
1 - 54% - 60% - 4:02
2 - 46% - 40% - 3:26
Last Minute Offensive  - 0:00
Last Minute Defensive  - 0:00
Total
Forward - 65:00
Defense - 65:00

Play by Play

1st period


0:01 of 1st period - Daniel Briere wins face-off versus Derek Roy in neutral zone.
0:25 of 1st period - Ryan Ellis is hit by Derek Stepan and loses puck.
1:16 of 1st period - R.J. Umberger is hit by Erik Haula and loses puck.
1:41 of 1st period - Wrist shot by Dustin Brown.
1:41 of 1st period - Deflect By Derek Roy.
1:41 of 1st period - Stopped by Jonathan Quick without a rebound.
1:42 of 1st period - Derek Stepan wins face-off versus Paul Gaustad in Nordiques zone.
2:09 of 1st period - Snap shot by R.J. Umberger.
2:09 of 1st period - Shot Misses the Net.
2:32 of 1st period - Marco Scandella is hit by Tim Connolly and loses puck.
2:47 of 1st period - Minor Penalty to Shea Weber for Hooking.
2:48 of 1st period - Erik Haula wins face-off versus Daniel Briere in Jets zone.
3:54 of 1st period - Erik Haula is hit by Kyle Calder and loses puck.
4:47 of 1st period - Penalty to Shea Weber is over, Shea Weber is back on ice.
5:38 of 1st period - Alexander Frolov is hit by Vladimir Tarasenko and loses puck.
5:53 of 1st period - Tyler Myers is hit by Fedor Tyutin and loses puck.
6:22 of 1st period - Wrist shot by Rich Peverley.
6:22 of 1st period - Stopped by Kari Lehtonen with a rebound.
6:38 of 1st period - Ryan Ellis is hit by Marco Scandella.
6:50 of 1st period - Benoit Pouliot is hit by Jean-Pierre Dumont and loses puck.
7:03 of 1st period - Michael Ryder is hit by Alexander Frolov and loses puck.
7:18 of 1st period - Slapshot by Marek Svatos.
7:18 of 1st period - Deflect By R.J. Umberger.
7:18 of 1st period - Stopped by Kari Lehtonen without a rebound.
7:19 of 1st period - Joe Colborne wins face-off versus Daniel Briere in Jets zone.
7:19 of 1st period - Joe Colborne is hit by Daniel Briere.
7:29 of 1st period - Wrist shot by Lee Stempniak.
7:29 of 1st period - Stopped by Jonathan Quick with a rebound.
7:41 of 1st period - Snap shot by Daniel Briere.
7:41 of 1st period - Shot Blocked by Lee Stempniak.
8:01 of 1st period - Ryan Ellis is hit by Marco Scandella and loses puck.
8:14 of 1st period - Wrist shot by Marcus Johansson.
8:14 of 1st period - Stopped by Jonathan Quick with a rebound.
8:16 of 1st period - Snap shot by Anton Volchenkov.
8:16 of 1st period - Deflect By Lee Stempniak.
8:16 of 1st period - Shot Misses the Net.
8:16 of 1st period - Puck is out of play.
8:17 of 1st period - Tim Connolly wins face-off versus Derek Roy in Nordiques zone.
8:31 of 1st period - Snap shot by Kyle Calder.
8:31 of 1st period - Shot Misses the Net.
8:33 of 1st period - Slapshot by Kyle Calder.
8:33 of 1st period - Stopped by Kari Lehtonen with a rebound.
8:43 of 1st period - Paul Gaustad is hit by Devin Setoguchi and loses puck.
8:55 of 1st period - Snap shot by Shea Weber.
8:55 of 1st period - Shot Blocked by Fedor Tyutin.
8:57 of 1st period - Slapshot by Shea Weber.
8:57 of 1st period - Stopped by Jonathan Quick without a rebound.
8:58 of 1st period - James Wright wins face-off versus Tim Connolly in Nordiques zone.
9:03 of 1st period - Snap shot by Erik Haula.
9:03 of 1st period - Stopped by Jonathan Quick with a rebound.
9:13 of 1st period - Wrist shot by Vladimir Tarasenko.
9:13 of 1st period - Goal by Vladimir Tarasenko - Nordiques : 1 - Jets : 0.
9:14 of 1st period - Daniel Briere wins face-off versus Derek Roy in neutral zone.
9:17 of 1st period - Backhand shot by Daniel Briere.
9:17 of 1st period - Goal by Daniel Briere - Nordiques : 2 - Jets : 0.
9:18 of 1st period - Daniel Briere wins face-off versus Derek Stepan in neutral zone.
9:45 of 1st period - Mark Eaton is hit by Shea Weber and loses puck.
9:56 of 1st period - Snap shot by James Wright.
9:56 of 1st period - Shot Hit the Post.
10:08 of 1st period - Dustin Brown is hit by Paul Gaustad and loses puck.
10:31 of 1st period - Wrist shot by R.J. Umberger.
10:31 of 1st period - Shot Misses the Net.
10:33 of 1st period - Wrist shot by Marek Svatos.
10:33 of 1st period - Shot Blocked by Tyler Myers.
10:35 of 1st period - Snap shot by Marek Svatos.
10:35 of 1st period - Goal by Marek Svatos - Nordiques : 3 - Jets : 0.
10:36 of 1st period - Daniel Briere wins face-off versus Derek Stepan in neutral zone.
10:45 of 1st period - Ryan Ellis is hit by Alexander Frolov and loses puck.
10:50 of 1st period - Slapshot by Derek Stepan.
10:50 of 1st period - Shot Blocked by Ryan Ellis.
10:52 of 1st period - Wrist shot by Alexander Frolov.
10:52 of 1st period - Stopped by Jonathan Quick without a rebound.
10:53 of 1st period - Tim Connolly wins face-off versus Derek Roy in Nordiques zone.
11:08 of 1st period - Snap shot by Kyle Calder.
11:08 of 1st period - Shot Misses the Net.
11:42 of 1st period - Wrist shot by Anton Volchenkov.
11:42 of 1st period - Stopped by Jonathan Quick without a rebound.
11:43 of 1st period - Joe Colborne wins face-off versus Tim Connolly in Nordiques zone.
11:44 of 1st period - Wrist shot by Lee Stempniak.
11:44 of 1st period - Stopped by Jonathan Quick without a rebound.
11:45 of 1st period - Tim Connolly wins face-off versus Joe Colborne in Nordiques zone.
12:24 of 1st period - Snap shot by Lee Stempniak.
12:24 of 1st period - Shot Blocked by Daniel Briere.
12:26 of 1st period - Wrist shot by Joe Colborne.
12:26 of 1st period - Stopped by Jonathan Quick with a rebound.
12:28 of 1st period - Slapshot by Tyler Myers.
12:28 of 1st period - Stopped by Jonathan Quick without a rebound.
12:29 of 1st period - Tim Connolly wins face-off versus Derek Roy in Nordiques zone.
12:40 of 1st period - Wrist shot by Dustin Brown.
12:40 of 1st period - Stopped by Jonathan Quick with a rebound.
12:42 of 1st period - Snap shot by Dustin Brown.
12:42 of 1st period - Deflect By Vladimir Tarasenko.
12:42 of 1st period - Shot Blocked by Kyle Calder.
12:42 of 1st period - Puck is out of play.
12:43 of 1st period - Daniel Briere wins face-off versus Derek Roy in Nordiques zone.
13:00 of 1st period - Off-side.
13:01 of 1st period - Paul Gaustad wins face-off versus Derek Stepan in neutral zone.
13:16 of 1st period - Slapshot by Matt Moulson.
13:16 of 1st period - Stopped by Kari Lehtonen without a rebound.
13:17 of 1st period - Derek Roy wins face-off versus Daniel Briere in Jets zone.
14:12 of 1st period - Slapshot by Anton Volchenkov.
14:12 of 1st period - Deflect By Erik Haula.
14:12 of 1st period - Stopped by Jonathan Quick with a rebound.
14:14 of 1st period - Slapshot by Anton Volchenkov.
14:14 of 1st period - Deflect By Erik Haula.
14:14 of 1st period - Shot Misses the Net.
14:14 of 1st period - Puck is out of play.
14:15 of 1st period - Daniel Briere wins face-off versus Benoit Pouliot in Nordiques zone.
14:26 of 1st period - Snap shot by Marek Svatos.
14:26 of 1st period - Shot Blocked by Anton Volchenkov.
14:42 of 1st period - Anton Volchenkov is hit by Tim Connolly and loses puck.
14:49 of 1st period - Slapshot by Vladimir Tarasenko.
14:49 of 1st period - Stopped by Kari Lehtonen with a rebound.
15:26 of 1st period - Snap shot by Rich Peverley.
15:26 of 1st period - Stopped by Kari Lehtonen with a rebound.
15:49 of 1st period - Joe Colborne is hit by Vladimir Tarasenko and loses puck.
16:22 of 1st period - Marco Scandella is hit by R.J. Umberger and loses puck.
16:41 of 1st period - Snap shot by Paul Gaustad.
16:41 of 1st period - Stopped by Kari Lehtonen without a rebound.
16:42 of 1st period - Paul Gaustad wins face-off versus Derek Stepan in Jets zone.
16:59 of 1st period - Snap shot by Jean-Pierre Dumont.
16:59 of 1st period - Stopped by Kari Lehtonen with a rebound.
17:01 of 1st period - Slapshot by Fedor Tyutin.
17:01 of 1st period - Shot Misses the Net.
17:03 of 1st period - Wrist shot by Paul Gaustad.
17:03 of 1st period - Deflect By Jean-Pierre Dumont.
17:03 of 1st period - Shot Misses the Net.
17:03 of 1st period - Puck is out of play.
17:04 of 1st period - Daniel Briere wins face-off versus Derek Roy in Jets zone.
17:27 of 1st period - Minor Penalty to R.J. Umberger for Slashing.
17:28 of 1st period - Derek Roy wins face-off versus Marek Svatos in Nordiques zone.
17:57 of 1st period - Minor Penalty to Devin Setoguchi for Hooking.
17:58 of 1st period - Derek Stepan wins face-off versus Marek Svatos in Jets zone.
18:41 of 1st period - Icing by Fedor Tyutin.
18:42 of 1st period - Tim Connolly wins face-off versus Derek Roy in Nordiques zone.
18:59 of 1st period - Slapshot by Benoit Pouliot.
18:59 of 1st period - Shot Misses the Net.
19:26 of 1st period - Icing by Tyler Myers.
19:27 of 1st period - Penalty to R.J. Umberger is over, R.J. Umberger is back on ice.
19:27 of 1st period - Derek Stepan wins face-off versus Tim Connolly in Jets zone.
19:40 of 1st period - Wrist shot by Vladimir Tarasenko.
19:40 of 1st period - Shot Misses the Net.
19:42 of 1st period - Wrist shot by Kyle Calder.
19:42 of 1st period - Shot Misses the Net.
19:57 of 1st period - Penalty to Devin Setoguchi is over, Devin Setoguchi is back on ice.
Goals for this period are 3 for Nordiques vs 0 for Jets.
Shots for this period are 11 for Nordiques vs 12 for Jets.

2nd period


0:01 of 2nd period - Derek Roy wins face-off versus Daniel Briere in neutral zone.
0:15 of 2nd period - Minor Penalty to R.J. Umberger for Interference.
0:16 of 2nd period - Marek Svatos wins face-off versus Derek Roy in Nordiques zone.
0:32 of 2nd period - Snap shot by Dustin Brown.
0:32 of 2nd period - Shot Blocked by Fedor Tyutin.
1:15 of 2nd period - Minor Penalty to Derek Roy for Interference.
1:16 of 2nd period - Marek Svatos wins face-off versus Derek Stepan in Jets zone.
1:21 of 2nd period - Wrist shot by Marek Svatos.
1:21 of 2nd period - Stopped by Kari Lehtonen with a rebound.
1:23 of 2nd period - Wrist shot by Fedor Tyutin.
1:23 of 2nd period - Shot Misses the Net.
1:25 of 2nd period - Snap shot by Marek Svatos.
1:25 of 2nd period - Stopped by Kari Lehtonen without a rebound.
1:26 of 2nd period - Derek Stepan wins face-off versus Marek Svatos in Jets zone.
1:26 of 2nd period - Derek Stepan is hit by Marek Svatos.
2:15 of 2nd period - Penalty to R.J. Umberger is over, R.J. Umberger is back on ice.
3:15 of 2nd period - Penalty to Derek Roy is over, Derek Roy is back on ice.
3:25 of 2nd period - Anton Volchenkov is hit by Rich Peverley and loses puck.
3:45 of 2nd period - Matt Gilroy is hit by Eric Gelinas and loses puck.
4:04 of 2nd period - Bruno Gervais is hit by Devin Setoguchi.
4:25 of 2nd period - Minor Penalty to Ryan Ellis for Interference.
4:26 of 2nd period - Derek Roy wins face-off versus Marek Svatos in Nordiques zone.
4:41 of 2nd period - Wrist shot by Benoit Pouliot.
4:41 of 2nd period - Stopped by Jonathan Quick with a rebound.
4:43 of 2nd period - Slapshot by Marco Scandella.
4:43 of 2nd period - Stopped by Jonathan Quick with a rebound.
4:49 of 2nd period - Minor Penalty to Fedor Tyutin for Hooking.
4:50 of 2nd period - Derek Roy wins face-off versus Marek Svatos in Nordiques zone.
4:59 of 2nd period - Wrist shot by Benoit Pouliot.
4:59 of 2nd period - Goal by Benoit Pouliot - Nordiques : 3 - Jets : 1.
5:00 of 2nd period - Derek Roy wins face-off versus Marek Svatos in neutral zone.
5:33 of 2nd period - Snap shot by Devin Setoguchi.
5:33 of 2nd period - Stopped by Jonathan Quick with a rebound.
6:28 of 2nd period - Icing by Devin Setoguchi.
6:29 of 2nd period - Paul Gaustad wins face-off versus Derek Stepan in Jets zone.
6:32 of 2nd period - Slapshot by Ryan Ellis.
6:32 of 2nd period - Stopped by Kari Lehtonen with a rebound.
6:42 of 2nd period - Slapshot by Kyle Calder.
6:42 of 2nd period - Stopped by Kari Lehtonen with a rebound.
6:49 of 2nd period - Penalty to Fedor Tyutin is over, Fedor Tyutin is back on ice.
6:58 of 2nd period - Slapshot by Ryan Ellis.
6:58 of 2nd period - Stopped by Kari Lehtonen without a rebound.
6:59 of 2nd period - Tim Connolly wins face-off versus Joe Colborne in Jets zone.
7:24 of 2nd period - Paul Gaustad is hit by Justin Falk and loses puck.
7:30 of 2nd period - Off-side.
7:31 of 2nd period - Benoit Pouliot wins face-off versus R.J. Umberger in neutral zone.
7:58 of 2nd period - Fedor Tyutin is hit by Dustin Brown and loses puck.
8:37 of 2nd period - Snap shot by Derek Stepan.
8:37 of 2nd period - Shot Misses the Net.
8:43 of 2nd period - Minor Penalty to Paul Gaustad for Hooking.
8:44 of 2nd period - Derek Stepan wins face-off versus Marek Svatos in Nordiques zone.
8:47 of 2nd period - Snap shot by Derek Stepan.
8:47 of 2nd period - Goal by Derek Stepan - Nordiques : 3 - Jets : 2.
8:48 of 2nd period - R.J. Umberger wins face-off versus Derek Stepan in neutral zone.
8:55 of 2nd period - Off-side.
8:56 of 2nd period - R.J. Umberger wins face-off versus Derek Stepan in neutral zone.
9:41 of 2nd period - Dustin Byfuglien is hit by Joe Colborne and loses puck.
10:28 of 2nd period - Minor Penalty to Alexander Frolov for High sticking.
10:29 of 2nd period - Erik Haula wins face-off versus Marek Svatos in Jets zone.
10:37 of 2nd period - Marco Scandella is hit by Ryan Ellis.
10:55 of 2nd period - Tim Connolly is hit by Marco Scandella and loses puck.
12:28 of 2nd period - Penalty to Alexander Frolov is over, Alexander Frolov is back on ice.
12:30 of 2nd period - Ryan Ellis is hit by Shea Weber.
12:49 of 2nd period - Snap shot by Devin Setoguchi.
12:49 of 2nd period - Shot Misses the Net.
12:51 of 2nd period - Wrist shot by Derek Stepan.
12:51 of 2nd period - Shot Hit the Post.
13:03 of 2nd period - Eric Gelinas is hit by Michael Ryder and loses puck.
13:10 of 2nd period - Snap shot by Michael Ryder.
13:10 of 2nd period - Stopped by Kari Lehtonen with a rebound.
13:12 of 2nd period - Slapshot by Dustin Byfuglien.
13:12 of 2nd period - Deflect By Eric Gelinas.
13:12 of 2nd period - Stopped by Kari Lehtonen with a rebound.
13:14 of 2nd period - Wrist shot by Michael Ryder.
13:14 of 2nd period - Deflect By Nikolai Kulemin.
13:14 of 2nd period - Shot Misses the Net.
13:14 of 2nd period - Puck is out of play.
13:15 of 2nd period - Derek Roy wins face-off versus Paul Gaustad in Jets zone.
13:29 of 2nd period - Matt Moulson is hit by Benoit Pouliot and loses puck.
13:46 of 2nd period - Daniel Briere is hit by Alexander Frolov and loses puck.
14:36 of 2nd period - Dustin Brown is hit by Dustin Byfuglien.
15:15 of 2nd period - Minor Penalty to Fedor Tyutin for Roughing.
15:16 of 2nd period - Marek Svatos wins face-off versus Derek Roy in Nordiques zone.
15:50 of 2nd period - Wrist shot by Derek Stepan.
15:50 of 2nd period - Stopped by Jonathan Quick without a rebound.
15:51 of 2nd period - Marek Svatos wins face-off versus Derek Stepan in Nordiques zone.
15:51 of 2nd period - Marek Svatos is hit by Alexander Frolov.
16:07 of 2nd period - Slapshot by Mark Eaton.
16:07 of 2nd period - Shot Blocked by Derek Stepan.
17:15 of 2nd period - Penalty to Fedor Tyutin is over, Fedor Tyutin is back on ice.
17:17 of 2nd period - Derek Roy is hit by Bruno Gervais and loses puck.
17:33 of 2nd period - Icing by Joe Colborne.
17:34 of 2nd period - Joe Colborne wins face-off versus Rich Peverley in Jets zone.
17:34 of 2nd period - Joe Colborne is hit by Dustin Byfuglien.
17:43 of 2nd period - Minor Penalty to Dustin Byfuglien for Holding.
17:44 of 2nd period - Dustin Brown wins face-off versus Marek Svatos in Nordiques zone.
19:43 of 2nd period - Penalty to Dustin Byfuglien is over, Dustin Byfuglien is back on ice.
Goals for this period are 0 for Nordiques vs 2 for Jets.
Shots for this period are 7 for Nordiques vs 6 for Jets.

3rd period


0:01 of 3rd period - Derek Roy wins face-off versus Daniel Briere in neutral zone.
0:07 of 3rd period - R.J. Umberger is hit by Benoit Pouliot and loses puck.
0:26 of 3rd period - Marek Svatos is hit by Joe Colborne and loses puck.
0:39 of 3rd period - Wrist shot by Marek Svatos.
0:39 of 3rd period - Deflect By R.J. Umberger.
0:39 of 3rd period - Stopped by Kari Lehtonen with a rebound.
1:29 of 3rd period - Snap shot by Daniel Briere.
1:29 of 3rd period - Goal by Daniel Briere - Nordiques : 4 - Jets : 2.
1:30 of 3rd period - Tim Connolly wins face-off versus Dustin Brown in neutral zone.
1:42 of 3rd period - Snap shot by Benoit Pouliot.
1:42 of 3rd period - Stopped by Jonathan Quick without a rebound.
1:43 of 3rd period - Tim Connolly wins face-off versus Benoit Pouliot in Nordiques zone.
2:38 of 3rd period - Nikolai Kulemin is hit by Marcus Johansson and loses puck.
3:01 of 3rd period - Erik Haula is hit by Vladimir Tarasenko and loses puck.
3:38 of 3rd period - Snap shot by Rich Peverley.
3:38 of 3rd period - Stopped by Kari Lehtonen with a rebound.
3:44 of 3rd period - Alexander Frolov is hit by Rich Peverley and loses puck.
4:30 of 3rd period - Snap shot by Dustin Brown.
4:30 of 3rd period - Stopped by Jonathan Quick without a rebound.
4:31 of 3rd period - Derek Stepan wins face-off versus Daniel Briere in Nordiques zone.
4:40 of 3rd period - Snap shot by Derek Stepan.
4:40 of 3rd period - Stopped by Jonathan Quick without a rebound.
4:41 of 3rd period - Daniel Briere wins face-off versus Derek Stepan in Nordiques zone.
4:46 of 3rd period - Snap shot by Marek Svatos.
4:46 of 3rd period - Stopped by Kari Lehtonen without a rebound.
4:47 of 3rd period - Derek Roy wins face-off versus Daniel Briere in Jets zone.
4:56 of 3rd period - Wrist shot by Benoit Pouliot.
4:56 of 3rd period - Goal by Benoit Pouliot - Nordiques : 4 - Jets : 3.
4:57 of 3rd period - Derek Roy wins face-off versus Marek Svatos in neutral zone.
5:06 of 3rd period - Slapshot by Ryan Ellis.
5:06 of 3rd period - Shot Misses the Net.
5:08 of 3rd period - Slapshot by Fedor Tyutin.
5:08 of 3rd period - Deflect By Marek Svatos.
5:08 of 3rd period - Stopped by Kari Lehtonen with a rebound.
5:10 of 3rd period - Slapshot by Fedor Tyutin.
5:10 of 3rd period - Shot Blocked by Dustin Brown.
5:24 of 3rd period - Devin Setoguchi is hit by Tim Connolly and loses puck.
5:40 of 3rd period - Icing by Shea Weber.
5:41 of 3rd period - Paul Gaustad wins face-off versus Lee Stempniak in Jets zone.
5:44 of 3rd period - Snap shot by Jean-Pierre Dumont.
5:44 of 3rd period - Stopped by Kari Lehtonen with a rebound.
5:46 of 3rd period - Slapshot by Matt Moulson.
5:46 of 3rd period - Stopped by Kari Lehtonen with a rebound.
5:48 of 3rd period - Snap shot by Jean-Pierre Dumont.
5:48 of 3rd period - Stopped by Kari Lehtonen with a rebound.
5:50 of 3rd period - Wrist shot by Jean-Pierre Dumont.
5:50 of 3rd period - Deflect By Matt Moulson.
5:50 of 3rd period - Shot Misses the Net.
5:50 of 3rd period - Puck is out of play.
5:51 of 3rd period - Daniel Briere wins face-off versus Derek Roy in Jets zone.
5:52 of 3rd period - Snap shot by Marek Svatos.
5:52 of 3rd period - Stopped by Kari Lehtonen with a rebound.
5:54 of 3rd period - Slapshot by Daniel Briere.
5:54 of 3rd period - Stopped by Kari Lehtonen without a rebound.
5:55 of 3rd period - Derek Roy wins face-off versus Daniel Briere in Jets zone.
6:06 of 3rd period - Backhand shot by Ryan Ellis.
6:06 of 3rd period - Shot Misses the Net.
6:19 of 3rd period - Icing by Ryan Ellis.
6:20 of 3rd period - Derek Stepan wins face-off versus Tim Connolly in Nordiques zone.
6:29 of 3rd period - Snap shot by Derek Stepan.
6:29 of 3rd period - Shot Misses the Net.
6:31 of 3rd period - Slapshot by Marco Scandella.
6:31 of 3rd period - Stopped by Jonathan Quick with a rebound.
6:40 of 3rd period - Minor Penalty to Tim Connolly for Hooking.
6:41 of 3rd period - Marek Svatos wins face-off versus Derek Roy in Nordiques zone.
6:50 of 3rd period - Slapshot by Marco Scandella.
6:50 of 3rd period - Shot Misses the Net.
6:52 of 3rd period - Slapshot by Derek Roy.
6:52 of 3rd period - Shot Blocked by Fedor Tyutin.
6:54 of 3rd period - Snap shot by Derek Roy.
6:54 of 3rd period - Goal by Derek Roy - Nordiques : 4 - Jets : 4.
6:55 of 3rd period - Derek Roy wins face-off versus Daniel Briere in neutral zone.
7:33 of 3rd period - Wrist shot by Derek Stepan.
7:33 of 3rd period - Shot Misses the Net.
7:55 of 3rd period - Backhand shot by Lee Stempniak.
7:55 of 3rd period - Shot Misses the Net.
7:57 of 3rd period - Wrist shot by Lee Stempniak.
7:57 of 3rd period - Shot Misses the Net.
8:27 of 3rd period - Slapshot by Daniel Briere.
8:27 of 3rd period - Shot Blocked by Dustin Brown.
8:35 of 3rd period - Dustin Byfuglien is hit by Tyler Myers and loses puck.
8:47 of 3rd period - Minor Penalty to Derek Stepan for Interference.
8:48 of 3rd period - Daniel Briere wins face-off versus Erik Haula in Jets zone.
8:56 of 3rd period - Wrist shot by R.J. Umberger.
8:56 of 3rd period - Shot Blocked by Marco Scandella.
8:58 of 3rd period - Snap shot by Marek Svatos.
8:58 of 3rd period - Shot Misses the Net.
9:00 of 3rd period - Slapshot by Marek Svatos.
9:00 of 3rd period - Stopped by Kari Lehtonen with a rebound.
9:02 of 3rd period - Snap shot by Marek Svatos.
9:02 of 3rd period - Shot Blocked by Tyler Myers.
9:04 of 3rd period - Slapshot by Daniel Briere.
9:04 of 3rd period - Stopped by Kari Lehtonen without a rebound.
9:05 of 3rd period - Daniel Briere wins face-off versus Erik Haula in Jets zone.
9:22 of 3rd period - Alexander Frolov is hit by Daniel Briere and loses puck.
10:47 of 3rd period - Penalty to Derek Stepan is over, Derek Stepan is back on ice.
11:05 of 3rd period - Michael Ryder is hit by Erik Haula and loses puck.
11:18 of 3rd period - Snap shot by Benoit Pouliot.
11:18 of 3rd period - Shot Blocked by Bruno Gervais.
11:20 of 3rd period - Snap shot by Joe Colborne.
11:20 of 3rd period - Goal by Joe Colborne - Nordiques : 4 - Jets : 5.
11:21 of 3rd period - Daniel Briere wins face-off versus Derek Stepan in neutral zone.
11:24 of 3rd period - Slapshot by Fedor Tyutin.
11:24 of 3rd period - Deflect By Marek Svatos.
11:24 of 3rd period - Goal by Marek Svatos - Nordiques : 5 - Jets : 5.
11:25 of 3rd period - Daniel Briere wins face-off versus Derek Stepan in neutral zone.
11:25 of 3rd period - Fedor Tyutin is hit by Anton Volchenkov and loses puck.
11:30 of 3rd period - Wrist shot by Marek Svatos.
11:30 of 3rd period - Stopped by Kari Lehtonen with a rebound.
11:32 of 3rd period - Slapshot by Ryan Ellis.
11:32 of 3rd period - Deflect By Anton Volchenkov.
11:32 of 3rd period - Stopped by Kari Lehtonen with a rebound.
11:33 of 3rd period - Minor Penalty to R.J. Umberger for Hooking.
11:34 of 3rd period - Derek Roy wins face-off versus Marek Svatos in Nordiques zone.
13:14 of 3rd period - Paul Gaustad is hit by Marco Scandella and loses puck.
13:33 of 3rd period - Penalty to R.J. Umberger is over, R.J. Umberger is back on ice.
13:42 of 3rd period - Wrist shot by Marcus Johansson.
13:42 of 3rd period - Shot Misses the Net.
13:44 of 3rd period - Snap shot by Joe Colborne.
13:44 of 3rd period - Stopped by Jonathan Quick with a rebound.
13:46 of 3rd period - Snap shot by Joe Colborne.
13:46 of 3rd period - Stopped by Jonathan Quick without a rebound.
13:47 of 3rd period - Joe Colborne wins face-off versus Rich Peverley in Nordiques zone.
13:50 of 3rd period - Snap shot by Joe Colborne.
13:50 of 3rd period - Goal by Joe Colborne - Nordiques : 5 - Jets : 6.
13:51 of 3rd period - Daniel Briere wins face-off versus Derek Roy in neutral zone.
13:56 of 3rd period - Benoit Pouliot is hit by R.J. Umberger and loses puck.
14:46 of 3rd period - Snap shot by Daniel Briere.
14:46 of 3rd period - Stopped by Kari Lehtonen without a rebound.
14:47 of 3rd period - Derek Stepan wins face-off versus Tim Connolly in Jets zone.
15:20 of 3rd period - Wrist shot by Nikolai Kulemin.
15:20 of 3rd period - Stopped by Kari Lehtonen with a rebound.
15:34 of 3rd period - Justin Falk is hit by Vladimir Tarasenko and loses puck.
15:49 of 3rd period - Minor Penalty to Tyler Myers for Holding.
15:50 of 3rd period - Erik Haula wins face-off versus Daniel Briere in Jets zone.
15:59 of 3rd period - Fedor Tyutin is hit by Marco Scandella and loses puck.
16:10 of 3rd period - Dustin Brown is hit by Fedor Tyutin and loses puck.
16:29 of 3rd period - Wrist shot by Kyle Calder.
16:29 of 3rd period - Stopped by Kari Lehtonen with a rebound.
16:31 of 3rd period - Slapshot by Ryan Ellis.
16:31 of 3rd period - Deflect By Tim Connolly.
16:31 of 3rd period - Goal by Tim Connolly - Nordiques : 6 - Jets : 6.
16:32 of 3rd period - Joe Colborne wins face-off versus Paul Gaustad in neutral zone.
16:43 of 3rd period - Slapshot by Fedor Tyutin.
16:43 of 3rd period - Stopped by Kari Lehtonen without a rebound.
16:44 of 3rd period - Joe Colborne wins face-off versus Paul Gaustad in Jets zone.
16:51 of 3rd period - Slapshot by Marco Scandella.
16:51 of 3rd period - Shot Blocked by Jean-Pierre Dumont.
17:54 of 3rd period - Minor Penalty to Rich Peverley for Interference.
17:55 of 3rd period - Derek Roy wins face-off versus Marek Svatos in Nordiques zone.
18:22 of 3rd period - Daniel Briere is hit by Devin Setoguchi and loses puck.
18:31 of 3rd period - Wrist shot by Derek Stepan.
18:31 of 3rd period - Shot Hit the Post.
18:33 of 3rd period - Snap shot by Tyler Myers.
18:33 of 3rd period - Deflect By Marek Svatos.
18:33 of 3rd period - Stopped by Jonathan Quick with a rebound.
19:54 of 3rd period - Penalty to Rich Peverley is over, Rich Peverley is back on ice.
Goals for this period are 3 for Nordiques vs 4 for Jets.
Shots for this period are 20 for Nordiques vs 11 for Jets.

Overtime #1


0:01 of 1st overtime period - Derek Stepan wins face-off versus Marek Svatos in neutral zone.
0:12 of 1st overtime period - Snap shot by Dustin Brown.
0:12 of 1st overtime period - Stopped by Jonathan Quick with a rebound.
0:48 of 1st overtime period - Wrist shot by Tim Connolly.
0:48 of 1st overtime period - Shot Misses the Net.
1:18 of 1st overtime period - Slapshot by Dustin Byfuglien.
1:18 of 1st overtime period - Stopped by Kari Lehtonen with a rebound.
1:36 of 1st overtime period - Mark Eaton is hit by Alexander Frolov.
1:40 of 1st overtime period - Benoit Pouliot is hit by Ryan Ellis and loses puck.
2:21 of 1st overtime period - Snap shot by Ryan Ellis.
2:21 of 1st overtime period - Deflect By Vladimir Tarasenko.
2:21 of 1st overtime period - Shot Misses the Net.
2:21 of 1st overtime period - Puck is out of play.
2:22 of 1st overtime period - Benoit Pouliot wins face-off versus Tim Connolly in Jets zone.
2:31 of 1st overtime period - Vladimir Tarasenko is hit by Erik Haula and loses puck.
2:40 of 1st overtime period - Shea Weber is hit by Vladimir Tarasenko and loses puck.
2:58 of 1st overtime period - Marco Scandella is hit by Fedor Tyutin and loses puck.
3:23 of 1st overtime period - Slapshot by Tim Connolly.
3:23 of 1st overtime period - Stopped by Kari Lehtonen with a rebound.
3:37 of 1st overtime period - Snap shot by Tim Connolly.
3:37 of 1st overtime period - Shot Blocked by Tyler Myers.
3:45 of 1st overtime period - Tyler Myers is hit by Dustin Byfuglien and loses puck.
3:58 of 1st overtime period - Backhand shot by Benoit Pouliot.
3:58 of 1st overtime period - Stopped by Jonathan Quick with a rebound.
4:00 of 1st overtime period - Slapshot by Eric Gelinas.
4:00 of 1st overtime period - Shot Blocked by Mark Eaton.
4:02 of 1st overtime period - Wrist shot by Benoit Pouliot.
4:02 of 1st overtime period - Stopped by Jonathan Quick with a rebound.
4:04 of 1st overtime period - Slapshot by Shea Weber.
4:04 of 1st overtime period - Shot Misses the Net.
4:06 of 1st overtime period - Slapshot by Shea Weber.
4:06 of 1st overtime period - Deflect By Dustin Byfuglien.
4:06 of 1st overtime period - Stopped by Jonathan Quick with a rebound.
4:14 of 1st overtime period - Slapshot by Vladimir Tarasenko.
4:14 of 1st overtime period - Stopped by Kari Lehtonen with a rebound.
4:16 of 1st overtime period - Wrist shot by Dustin Byfuglien.
4:16 of 1st overtime period - Shot Misses the Net.
4:33 of 1st overtime period - Eric Gelinas is hit by Fedor Tyutin and loses puck.
4:58 of 1st overtime period - Snap shot by Vladimir Tarasenko.
4:58 of 1st overtime period - Shot Misses the Net.
Goals for this period are 0 for Nordiques vs 0 for Jets.
Shots for this period are 3 for Nordiques vs 4 for Jets.

ShootOut


5:00 of 1st overtime period - Penalty Shot by Marek Svatos for Nordiques.
5:00 of 1st overtime period - Deke by Marek Svatos.
5:00 of 1st overtime period - Shot Misses the Net.
5:00 of 1st overtime period - Penalty Shot by Derek Roy for Jets.
5:00 of 1st overtime period - Backhand shot by Derek Roy.
5:00 of 1st overtime period - Stopped by Jonathan Quick.
5:00 of 1st overtime period - Penalty Shot by Daniel Briere for Nordiques.
5:00 of 1st overtime period - Wrist shot by Daniel Briere.
5:00 of 1st overtime period - Shot Misses the Net.
5:00 of 1st overtime period - Penalty Shot by Benoit Pouliot for Jets.
5:00 of 1st overtime period - Snap shot by Benoit Pouliot.
5:00 of 1st overtime period - Shot Misses the Net.
5:00 of 1st overtime period - Penalty Shot by Tim Connolly for Nordiques.
5:00 of 1st overtime period - Deke by Tim Connolly.
5:00 of 1st overtime period - Stopped by Kari Lehtonen.
5:00 of 1st overtime period - Penalty Shot by Dustin Brown for Jets.
5:00 of 1st overtime period - Backhand shot by Dustin Brown.
5:00 of 1st overtime period - Goal by Dustin Brown.